 Dungeon Crawl Stone Soup version 0.19-a0-1670-gc28a5d9 (webtiles) character file.

205120 TheGoonsmith the Lord of Darkness (level 18, -3/135 HPs)
             Began as a Demonspawn Wizard on Sept 20, 2016.
             Was the Champion of Kikubaaqudgha.
             Killed from afar by a shock serpent (5 damage)
             ... with an electric aura
             ... on level 4 of the Snake Pit on Sept 21, 2016.
             The game lasted 02:22:02 (51860 turns).

TheGoonsmith the Lord of Darkness (DsWz)           Turns: 51860, Time: 02:22:03

Health: -3/135     AC: 20    Str:  9    XL:     18   Next: 40%
Magic:  18/33      EV: 18    Int: 31    God:    Kikubaaqudgha [******]
Gold:   1558       SH:  5    Dex: 20    Spells: 10 memorised, 3 levels left

rFire  + . .     SeeInvis .     v - +6 lajatang (pain)
rCold  + + +     Gourm    .     K - +1 leather armour of the Enchanted Forest {Dex+4}
rNeg   + . .     Faith    .     (shield currently unavailable)
rPois  +         Spirit   .     b - +2 hat
rElec  .         Dismiss  .     y - +2 cloak
rCorr  .         Reflect  +     q - +2 pair of gloves of Resonance {rF+ rN+}
MR     +....     Harm     .     T - +2 pair of boots
Stlth  ++........               U - amulet of the Final Chapter {Reflect rC++ Int+4 SH+5}
                                A - ring "Rarr" {Dex+5 Slay+2}
                                Q - ring of poison resistance

@: no status effects
A: horns 2, thin metallic scales 2, cold resistance 1, spiny 2, freezing cloud
immunity
a: Receive Corpses, Torment, Renounce Religion


You were on level 4 of the Snake Pit.
You worshipped Kikubaaqudgha.
Kikubaaqudgha was exalted by your worship.
You were hungry.

You visited 6 branches of the dungeon, and saw 31 of its levels.
You also visited: Labyrinth.

You collected 3122 gold pieces.
You spent 1564 gold pieces at shops.

Inventory:

Hand Weapons
 v - a +6 lajatang of pain (weapon)
Missiles
 V - 13 throwing nets (quivered)
Armour
 b - a +2 hat (worn)
 q - the +2 pair of gloves of Resonance (worn) {rF+ rN+}
   (You acquired it on level 1 of the Snake Pit)

   It protects you from fire.
   It protects you from negative energy.
 y - a +2 cloak (worn)
 K - the +1 leather armour of the Enchanted Forest (worn) {Dex+4}
   (You found it on level 5 of the Dungeon)

   It affects your dexterity (+4).
 T - a +2 pair of boots (worn)
Jewellery
 l - an uncursed ring of resist corrosion
 A - the ring "Rarr" (right hand) {Dex+5 Slay+2}
   (You found it in a labyrinth)

   [ring of dexterity]

   It affects your dexterity (+5).
   It affects your accuracy and damage with ranged weapons and melee attacks
   (+2).
 Q - a ring of poison resistance (left hand)
 S - an uncursed ring of flight
 U - the amulet of the Final Chapter (around neck) {Reflect rC++ Int+4 SH+5}
   (You took it off a crimson imp on level 13 of the Dungeon)

   [amulet of reflection]

   It shields you and reflects attacks.
   It affects your intelligence (+4).
   It greatly protects you from cold.
   It affects your SH (+5).
Wands
 a - a wand of digging (9/24)
 g - a wand of hasting (4/9)
 m - a wand of teleportation (4/9)
Scrolls
 h - 9 scrolls of blinking
 n - 2 scrolls of recharging
 o - 3 scrolls of amnesia
 r - 12 scrolls of identify
 u - 8 scrolls of teleportation
 z - 11 scrolls of remove curse
 F - a scroll of brand weapon
 L - 3 scrolls of fear
 W - 2 scrolls of fog
Potions
 e - 4 potions of agility
 k - 4 potions of resistance
 p - 2 potions of magic
 s - 4 potions of flight
 t - 5 potions of curing
 w - 3 potions of might
 B - 2 potions of berserk rage
 C - 8 potions of cancellation
 H - 5 potions of haste
 O - 2 potions of heal wounds
 R - 2 potions of invisibility
Miscellaneous
 D - 2 boxes of beasts
 J - a phial of floods
 M - a disc of storms
Comestibles
 d - 5 bread rations
 I - 7 slices of pizza
 P - 19 fruits


   Skills:
 - Level 10.2 Fighting
   Level 8.0(11.8) Maces & Flails
 - Level 13.6(14.3) Staves
 + Level 10.7 Armour
 - Level 8.1 Dodging
 - Level 1.7 Stealth
   Level 5.1 Shields
 - Level 11.2 Spellcasting
 - Level 7.1 Conjurations
 - Level 3.1 Charms
   Level 1.0 Summonings
 - Level 14.8 Necromancy
 - Level 5.7 Translocations
 - Level 2.0 Fire Magic
 - Level 9.7 Ice Magic
 - Level 3.4 Air Magic
 - Level 1.0 Poison Magic


You had 3 spell levels left.
You knew the following spells:

 Your Spells              Type           Power        Failure   Level  Hunger
a - Magic Dart            Conj           ####         1%          1    None
b - Vampiric Draining     Necr           #######...   1%          3    None
c - Conjure Flame         Conj/Fire      #####...     1%          3    None
d - Bolt of Draining      Conj/Necr      ######....   1%          5    ##.....
e - Blink                 Tloc           N/A          1%          2    None
f - Dispel Undead         Necr           #######.     1%          5    ##.....
g - Death Channel         Necr           #######...   1%          6    #####..
r - Repel Missiles        Chrm/Air       #####.       1%          2    None
x - Mephitic Cloud        Conj/Pois/Air  #####...     2%          3    None
z - Simulacrum            Ice/Necr       #######...   3%          6    #####..


Dungeon Overview and Level Annotations

Branches:
Dungeon (15/15)            Temple (1/1) D:6            Lair (6/6) D:9
 Shoals (3/4) Lair:3        Snake (4/4) Lair:4        Slime (0/5) Lair:6
    Orc (2/2) D:11            Elf (0/3) Orc:2        Vaults (0/5) D:13
 Depths (0/5) D:15

Altars:
Ashenzari
Cheibriados
Dithmenos
Elyvilon
Fedhas
Gozag
Hepliaklqana
Kikubaaqudgha
Makhleb
Nemelex Xobeh
Okawaru
Qazlal
Ru
Sif Muna
Trog
Uskayaw
Vehumet
Xom
Yredelemnul
Zin
The Shining One
Beogh
Jiyva

Shops:
D:4 =   D:5 ?   D:7 (   D:12 %   D:14 !   Orc:2 :*(   Shoals:1 :   Snake:1 ==}
Snake:3 *

Annotations:
Snake:3 Agnes
Snake:4 Vashnia


Innate Abilities, Weirdness & Mutations

You have a pair of horns on your head.
You are mostly covered in thin metallic scales. (AC +3)
Your flesh is cold resistant. (rC+)
You are mostly covered in sharp spines.
You are immune to freezing clouds.


Message History

* * * LOW HITPOINT WARNING * * *
The shock serpent shocks you!
* * * LOW HITPOINT WARNING * * *
The shock serpent misses you. The naga mage is struck by your spines.
The naga mage hits you but does no damage.
Unknown command.
Unknown command.
The shock serpent is struck by your spines.
The shock serpent closely misses you.
The shock serpent's electric aura discharges, shocking you!
* * * LOW HITPOINT WARNING * * *
You block the shock serpent's attack.
The shock serpent is struck by your spines.
The shock serpent bites you.
* * * LOW HITPOINT WARNING * * *
The shock serpent shocks you!
* * * LOW HITPOINT WARNING * * *
The shock serpent's electric aura discharges, shocking you!
You die...
Kikubaaqudgha rasps: "You have failed me!
Welcome... death!"

### ###...#
......#
##S.....#
#@S....#
...N)SSNS......
......SNS.#####
##..SN...##
..N..ยง....
.#.........
...........
.###......#.


You could see a greater naga, an anaconda, 4 shock serpents, a guardian serpent,
2 black mambas, 2 naga magi and 2 nagas.

Vanquished Creatures
  Gastronok (D:9)
  Polyphemus (Shoals:2)
  4 krakens
  A greater naga (Snake:2)
  An orc warlord (Orc:2)
  Azrael (D:15)
  A minotaur (Lab)
  5 merfolk impalers
  2 merfolk javelineers
  The ghost of Reeven the Champion of Chaos, a journeyman HOMo of Makhleb (D:11)
  4 vault guards (D:13)
  12 hydras
  An ice dragon (D:15)
  15 naga warriors
  2 fire dragons
  A death knight (D:12)
  4 anacondas
  A merfolk avatar (Shoals:3)
  3 centaur warriors
  4 death yaks (Shoals:1)
  3 satyrs
  3 merfolk aquamancers
  2 catoblepae
  2 tengu warriors
  2 alligators (Lair:4)
  5 shock serpents
  3 naga sharpshooters
  An orc high priest (Orc:1)
  The ghost of Magifyre the Summoner, a journeyman DESu of Sif Muna (Lair:1)
  3 salamander mystics
  5 sea snakes
  A fire crab (Lair:5)
  7 unseen horrors
  A phantasmal warrior (D:12)
  3 naga ritualists
  6 orc knights
  Pikel (D:3)
  An orb spider (shapeshifter) (D:15)
  7 hill giants
  A lindwurm (Lair:5)
  13 harpies
  A wolf spider zombie (D:15)
  2 orc sorcerers
  A wolf spider (Lair:6)
  3 deep elf magi
  2 oklob plants
  3 hornets (Lair:6)
  11 manticores
  9 mana vipers
  18 ugly things
  12 salamanders
  A hornet (shapeshifter) (D:14)
  12 fauns
  3 cyclopes
  6 elephants
  Maurice (D:8)
  6 sirens
  6 guardian serpents
  28 black mambas
  6 water nymphs
  5 centaur zombies
  23 naga magi
  3 torpor snails
  17 spiny frogs
  10 komodo dragons
  A yaktaur (shapeshifter) (D:14)
  3 kobold demonologists
  11 rime drakes
  3 freezing wraiths
  9 trolls
  23 merfolk
  A tengu conjurer (D:14)
  4 wind drakes
  2 two-headed ogres
  A hornet zombie (D:15)
  A meliai zombie (D:14)
  10 slime creatures
  22 dream sheep
  21 blink frogs
  25 hippogriffs
  6 snapping turtles
  3 shadows (Lab)
  8 redbacks (Snake:2)
  14 water elementals
  2 wraiths
  16 wyverns
  53 yaks
  Grum (D:9)
  A basilisk (shapeshifter) (D:13)
  10 basilisks
  3 fire elementals (D:14)
  9 vampire mosquitoes
  6 hungry ghosts
  A steam dragon (D:13)
  2 mottled dragons (Lair:6)
  3 wargs (Orc:2)
  38 nagas
  3 swamp worms (Lair:4)
  25 water moccasins
  2 hell hounds (D:14)
  3 swamp drakes (Lair:6)
  9 porcupines
  37 orc warriors
  An ice beast (D:13)
  5 phantoms
  2 black bears
  5 wasps
  3 necrophages
  2 eyes of draining
  3 sky beasts
  5 boggarts (D:15)
  3 wolves (D:9)
  6 ogres
  19 crocodiles
  18 centaurs
  7 big kobolds
  22 bullfrogs
  A scorpion (D:8)
  2 electric eels
  17 wights
  7 howler monkeys
  A spriggan skeleton (Lab)
  11 crimson imps
  A quasit (D:10)
  A bullfrog zombie (D:5)
  12 hounds
  5 bullfrog skeletons
  16 orc priests
  7 centaur skeletons
  6 jellies
  30 orc wizards
  7 hell rats (Lair:6)
  Natasha (thrice) (D:3)
  20 iguanas
  17 worker ants
  An ogre skeleton (Lab)
  A hound zombie (D:10)
  A hound skeleton (D:10)
  A mummy (D:7)
  2 worker ant zombies (D:11)
  4 gnolls (Orc:2)
  16 adders
  56 river rats
  4 shadow imps
  2 oozes
  4 adder skeletons
  A worm (D:4)
  3 dart slugs
  3 leopard geckos
  80 orcs
  2 ball pythons
  14 bats
  10 giant cockroaches
  8 goblins
  2 hobgoblins (D:2)
  20 jackals
  5 quokkas
  2 frilled lizards
  A jackal zombie (D:4)
  23 kobolds
  A quokka skeleton (D:7)
  A quokka zombie (D:8)
  10 rats
  A bush (Lair:5)
  7 tentacles (Shoals:3)
1268 creatures vanquished.

Vanquished Creatures (collateral kills)
  3 fauns (Shoals:3)
  A naga mage (Snake:3)
  A komodo dragon (Lair:4)
  A snapping turtle (Shoals:3)
  2 hippogriffs
  2 yaks (Lair:3)
  A naga (Snake:3)
  A porcupine (Lair:3)
  An orc priest (Orc:2)
  6 river rats
  A fungus (Lair:2)
  4 plants (Shoals:3)
24 creatures vanquished.

Vanquished Creatures (others)
  A faun (Shoals:2)
  A naga mage (Snake:3)
  A phantom (D:4)
  2 centaurs
  A wight (D:7)
  A crimson imp (D:4)
  A gnoll (D:4)
  An adder (D:4)
  3 orcs
  A goblin (D:4)
  A kobold (D:4)
  20 fungi
  33 plants
  21 tentacles
88 creatures vanquished.

Grand Total: 1380 creatures vanquished

Notes
Turn   | Place    | Note
-------+----------+-------------------------------------------
     0 | D:1      | TheGoonsmith the Demonspawn Wizard began the quest for the Orb.
     0 | D:1      | Reached XP level 1. HP: 13/13 MP: 4/4
   199 | D:1      | Gained mutation: You are partially covered in sharp spines. [demonic ancestry]
   199 | D:1      | Reached XP level 2. HP: 19/19 MP: 3/6
   740 | D:1      | Reached XP level 3. HP: 24/24 MP: 1/7
  2363 | D:3      | Noticed Natasha
  2369 | D:3      | Killed Natasha
  2369 | D:3      | Reached XP level 4. HP: 30/30 MP: 1/9
  2463 | D:3      | Noticed Natasha
  2468 | D:3      | Killed Natasha
  3230 | D:3      | Noticed Natasha
  3233 | D:3      | Killed Natasha
  3233 | D:3      | Reached XP level 5. HP: 35/35 MP: 5/10
  3280 | D:4      | Learned a level 3 spell: Mephitic Cloud
  3284 | D:4      | Learned a level 3 spell: Conjure Flame
  3287 | D:4      | Learned a level 2 spell: Repel Missiles
  3347 | D:4      | Reached skill level 5 in Conjurations
  3558 | D:4      | Found Yris's Jewellery Shoppe.
  3581 | D:4      | Noticed a phantom
  3596 | D:4      | Killed a phantom
  3596 | D:4      | Gained mutation: Your flesh is cold resistant. (rC+) [demonic ancestry]
  3596 | D:4      | Reached XP level 6. HP: 28/41 MP: 0/11
  4271 | D:4      | Reached skill level 1 in Shields
  4614 | D:4      | Noticed Pikel
  4614 | D:4      | Noticed a slave
  4614 | D:4      | Noticed a slave
  4614 | D:4      | Noticed a slave
  4616 | D:4      | Noticed a slave
  4717 | D:3      | Killed Pikel
  4717 | D:3      | Reached skill level 5 in Shields
  4717 | D:3      | Reached XP level 7. HP: 8/46 MP: 0/13
  5134 | D:4      | Found a snail-covered altar of Cheibriados.
  5357 | D:4      | Reached skill level 1 in Fighting
  5357 | D:4      | Gained mutation: You have a pair of small horns on your head. [demonic ancestry]
  5357 | D:4      | Reached XP level 8. HP: 54/54 MP: 9/14
  5519 | D:5      | Entered Level 5 of the Dungeon
  5621 | D:5      | Learned a level 2 spell: Blink
  5698 | D:5      | Reached skill level 1 in Charms
  5698 | D:5      | Reached skill level 1 in Air Magic
  5830 | D:5      | Reached skill level 1 in Fire Magic
  6182 | D:5      | Found Wigheq's Magic Scroll Shop.
  6205 | D:5      | Got a distressingly furry leather armour
  6216 | D:5      | Identified the +1 leather armour of the Enchanted Forest {Dex+4} (You found it on level 5 of the Dungeon)
  6276 | D:5      | Bought a scroll of identify for 26 gold pieces
  6276 | D:5      | Bought a scroll of identify for 26 gold pieces
  6276 | D:5      | Bought a scroll of remove curse for 39 gold pieces
  6276 | D:5      | Bought a scroll of teleportation for 39 gold pieces
  6276 | D:5      | Bought a scroll of enchant armour for 97 gold pieces
  6276 | D:5      | Bought a scroll of blinking for 97 gold pieces
  6333 | D:5      | Found a shimmering altar of Xom.
  6379 | D:5      | Reached skill level 1 in Poison Magic
  6716 | D:5      | You fall through a shaft!
  6784 | D:6      | Found a staircase to the Ecumenical Temple.
  6826 | Temple   | Entered the Ecumenical Temple
  7814 | D:6      | Reached skill level 5 in Spellcasting
  7878 | D:6      | Reached skill level 1 in Translocations
  8527 | D:6      | Reached XP level 9. HP: 58/62 MP: 9/16
  8725 | D:6      | Found a deep blue altar of Sif Muna.
  8725 | D:6      | Found an ancient bone altar of Kikubaaqudgha.
  8811 | D:6      | Became a worshipper of Kikubaaqudgha
  8869 | D:7      | Found Zapailys's Antique Weapon Shoppe.
 10383 | D:7      | Learned a level 3 spell: Vampiric Draining
 10681 | D:7      | Reached skill level 1 in Armour
 11014 | D:8      | Noticed Maurice
 11030 | D:8      | Killed Maurice
 11250 | D:8      | Found a shadowy altar of Dithmenos.
 11265 | D:8      | Reached * piety under Kikubaaqudgha
 11265 | D:8      | Identified Kikubaaqudgha's Papyrus of Dark Magic (Kikubaaqudgha gifted it to you on level 8 of the Dungeon)
 11265 | D:8      | Received a gift from Kikubaaqudgha
 12128 | D:8      | Reached skill level 1 in Necromancy
 12415 | D:9      | Reached skill level 2 in Necromancy
 12415 | D:9      | Reached XP level 10. HP: 70/70 MP: 13/20
 12422 | D:9      | Reached skill level 3 in Necromancy
 12429 | D:9      | Noticed Grum
 12560 | D:8      | Reached skill level 4 in Necromancy
 12757 | D:9      | Reached skill level 5 in Necromancy
 12845 | D:9      | Learned a level 4 spell: Animate Dead
 12913 | D:9      | Reached ** piety under Kikubaaqudgha
 13108 | D:9      | Reached skill level 6 in Necromancy
 13397 | D:9      | Killed Grum
 13663 | D:9      | Reached skill level 7 in Necromancy
 13665 | D:9      | Found a staircase to the Lair.
 13887 | D:9      | Noticed Gastronok
 13933 | D:9      | Killed Gastronok
 13933 | D:9      | Reached skill level 9 in Necromancy
 13996 | D:9      | Found an iron altar of Okawaru.
 14060 | D:10     | Entered Level 10 of the Dungeon
 14154 | D:10     | Killed an unseen horror
 14154 | D:10     | Reached skill level 10 in Necromancy
 14154 | D:10     | Gained mutation: You are partially covered in thin metallic scales. (AC +2) [demonic ancestry]
 14154 | D:10     | Reached XP level 11. HP: 9/75 MP: 17/21
 14298 | D:10     | Reached *** piety under Kikubaaqudgha
 14298 | D:10     | Identified Kikubaaqudgha's Guide on Dark Rituals (Kikubaaqudgha gifted it to you on level 10 of the Dungeon)
 14298 | D:10     | Received a gift from Kikubaaqudgha
 14581 | D:10     | Identified a scroll of acquirement
 14886 | D:10     | Killed an unseen horror
 15190 | D:11     | Noticed a centaur warrior
 15271 | Lair:1   | Entered Level 1 of the Lair of Beasts
 15286 | Lair:1   | Found a labyrinth entrance.
 15308 | Lab      | Entered a labyrinth
 15670 | Lab      | Found an exit through the horrors of the Abyss.
 15939 | Lab      | Noticed a minotaur
 15947 | Lab      | Killed a minotaur
 15947 | Lab      | Reached skill level 5 in Translocations
 15980 | Lab      | Got a vibrating bronze ring
 16001 | Lab      | Got a scintillating glass ring
 16015 | Lair:1   | Identified the ring "Onepaoso" {rN+ Int+5} (You took it off a minotaur in a labyrinth)
 16017 | Lair:1   | Identified the ring "Rarr" {Dex+5 Slay+2} (You found it in a labyrinth)
 16018 | Lair:1   | Upgraded the game from 0.19-a0-1655-gdd95918 to 0.19-a0-1661-ge641b2b
 16026 | Lair:1   | Learned a level 5 spell: Bolt of Draining
 16057 | Lair:1   | Noticed a four-headed hydra
 16082 | Lair:1   | Killed a four-headed hydra
 16082 | Lair:1   | Reached skill level 5 in Fighting
 16451 | Lair:1   | Noticed Magifyre's ghost (journeyman DESu)
 16495 | Lair:1   | Killed Magifyre's ghost
 16731 | Lair:1   | Gained mutation: You are mostly covered in sharp spines. [demonic ancestry]
 16731 | Lair:1   | Reached XP level 12. HP: 89/89 MP: 12/22
 16837 | Lair:1   | Reached **** piety under Kikubaaqudgha
 17288 | Lair:2   | Found a shimmering altar of Xom.
 17454 | Lair:2   | Noticed a seven-headed hydra
 17460 | Lair:2   | Killed a seven-headed hydra
 17655 | Lair:2   | Noticed a four-headed hydra
 17668 | Lair:2   | Killed a four-headed hydra
 17816 | Lair:2   | Noticed a four-headed hydra
 17826 | Lair:2   | Killed a four-headed hydra
 17826 | Lair:2   | Reached skill level 10 in Fighting
 18524 | Lair:3   | Reached skill level 5 in Dodging
 18816 | Lair:3   | Reached ***** piety under Kikubaaqudgha
 18979 | Lair:3   | You fall through a shaft!
 19325 | Lair:4   | Noticed an alligator
 19325 | Lair:4   | Noticed a seven-headed hydra
 19336 | Lair:4   | Killed a seven-headed hydra
 19336 | Lair:4   | Reached XP level 13. HP: 58/103 MP: 7/23
 19699 | Lair:4   | Found a staircase to the Snake Pit.
 20051 | Lair:4   | Reached skill level 1 in Maces & Flails
 20990 | Lair:5   | Reached skill level 5 in Maces & Flails
 22540 | Lair:5   | Upgraded the game from 0.19-a0-1661-ge641b2b to 0.19-a0-1663-g87f10ba
 23714 | D:11     | Found a staircase to the Orcish Mines.
 23725 | D:11     | Reached skill level 5 in Armour
 23787 | D:11     | Reached ****** piety under Kikubaaqudgha
 24159 | D:11     | Noticed Reeven's ghost (journeyman HOMo)
 24171 | D:11     | Gained mutation: You have a pair of horns on your head. [demonic ancestry]
 24171 | D:11     | Reached XP level 14. HP: 110/110 MP: 9/24
 24182 | D:11     | Killed Reeven's ghost
 24362 | Orc:1    | Entered Level 1 of the Orcish Mines
 24540 | Orc:2    | Entered Level 2 of the Orcish Mines
 24697 | Orc:2    | Found a staircase to the Elven Halls.
 25113 | Orc:2    | Noticed an orc warlord
 25126 | Orc:2    | Killed an orc warlord
 25533 | Orc:2    | Found a roughly hewn altar of Beogh.
 25828 | Orc:2    | Found Moaheroz's Book Boutique.
 26083 | Orc:2    | Found a roughly hewn altar of Beogh.
 26259 | Orc:2    | Found Dadghilev's General Store.
 26265 | Orc:2    | Bought a potion of magic for 104 gold pieces
 26274 | Orc:2    | Found Upru's Antique Armour Boutique.
 26408 | Orc:2    | Found Pevogg's Antique Weapon Boutique.
 26441 | Orc:2    | Bought a translucent rapier for 270 gold pieces
 26441 | Orc:2    | Identified the +5 rapier "Gaarilan" {freeze, +Inv rC+ Stlth+} (You bought it in a shop on level 2 of the Orcish Mines)
 26553 | Lair:1   | Learned a level 5 spell: Dispel Undead
 26560 | Lair:1   | Learned a level 6 spell: Simulacrum
 26645 | Lair:6   | Entered Level 6 of the Lair of Beasts
 26694 | Lair:6   | Reached skill level 1 in Ice Magic
 26952 | Lair:6   | Reached skill level 11 in Necromancy
 27835 | Lair:6   | Found a staircase to the Slime Pits.
 27836 | Lair:6   | Found a viscous altar of Jiyva.
 27951 | Lair:6   | Reached skill level 10 in Spellcasting
 28017 | Lair:6   | HP: 3/110 [spiny frog (14)]
 28187 | Lair:6   | Upgraded the game from 0.19-a0-1663-g87f10ba to 0.19-a0-1670-gc28a5d9
 28391 | Lair:6   | Reached skill level 5 in Ice Magic
 28429 | Lair:6   | Reached skill level 12 in Necromancy
 28429 | Lair:6   | Reached XP level 15. HP: 91/115 MP: 29/29
 28723 | Lair:6   | Identified the Almanac of the Oath
 30215 | D:12     | Found Hitoxt's Food Boutique.
 30790 | D:12     | Reached skill level 13 in Necromancy
 31213 | D:13     | Found a gate to the Vaults.
 32072 | D:13     | Got an ancient emerald amulet
 32139 | D:13     | Identified the amulet of the Final Chapter {Reflect rC++ Int+4 SH+5} (You took it off a crimson imp on level 13 of the Dungeon)
 32469 | D:14     | Noticed Azrael
 33045 | D:14     | Found Kozoq's Distillery.
 33067 | D:14     | Bought a potion of haste for 140 gold pieces
 33067 | D:14     | Bought a potion of heal wounds for 70 gold pieces
 33067 | D:14     | Bought a potion of heal wounds for 70 gold pieces
 33067 | D:14     | Bought 2 potions of curing for 84 gold pieces
 33344 | D:14     | Found a white marble altar of Elyvilon.
 33367 | D:14     | Got an opal-encrusted leather armour
 33368 | D:14     | Identified the cursed +1 leather armour "Qyaras" {rC+ Regen+ Int-5} (You found it on level 14 of the Dungeon)
 33710 | D:15     | Entered Level 15 of the Dungeon
 33773 | D:14     | Reached skill level 14 in Necromancy
 34329 | D:15     | Gained mutation: You are mostly covered in thin metallic scales. (AC +3) [demonic ancestry]
 34329 | D:15     | Reached XP level 16. HP: 79/122 MP: 31/31
 34492 | D:15     | Killed Azrael
 36973 | D:15     | Found a staircase to the Depths.
 37271 | D:15     | Got an ichor-stained plate armour
 37272 | D:15     | Identified the +0 plate armour of the Wasteland {-Tele Str+9 SInv Stlth+} (You acquired it on level 15 of the Dungeon)
 37287 | D:15     | Reached skill level 1 in Staves
 38069 | Snake:1  | Entered Level 1 of the Snake Pit
 38590 | Snake:1  | Found Penle's Jewellery Shop.
 38592 | Snake:1  | Found Rutom's Gadget Emporium.
 38593 | Snake:1  | Found Ukolai Core's Jewellery Shop.
 38819 | Snake:1  | Got a pair of jewelled gloves
 38830 | Snake:1  | Identified the +2 pair of gloves of Resonance {rF+ rN+} (You acquired it on level 1 of the Snake Pit)
 39232 | Snake:2  | Reached skill level 5 in Staves
 41606 | Snake:3  | Gained mutation: You are immune to freezing clouds. [demonic ancestry]
 41606 | Snake:3  | Reached XP level 17. HP: 81/128 MP: 17/32
 42611 | Snake:3  | Reached skill level 10 in Staves
 42825 | Snake:3  | Found Quskao Megi's Assorted Antiques.
 42834 | Snake:3  | Bought a scroll of blinking for 187 gold pieces
 44285 | Lair:3   | Found a staircase to the Shoals.
 44408 | Snake:1  | Bought an uncursed ring of flight for 315 gold pieces
 44502 | Shoals:1 | Entered Level 1 of the Shoals
 44536 | Shoals:1 | Found Zynoul's Book Boutique.
 46211 | Shoals:1 | Noticed a kraken
 47025 | Shoals:1 | Identified a +6 lajatang of pain (a +4 lajatang of speed bloodied by Kikubaaqudgha)
 47025 | Shoals:1 | Received a gift from Kikubaaqudgha
 47068 | Shoals:1 | Killed a kraken
 47316 | Lair:1   | Learned a level 6 spell: Death Channel
 47659 | Shoals:2 | Noticed Polyphemus
 48311 | Shoals:2 | Killed Polyphemus
 48686 | Shoals:2 | Reached XP level 18. HP: 123/135 MP: 33/33
 48837 | Shoals:2 | HP: 6/135 [merfolk javelineer/silver javelin (10)]
 48837 | Shoals:2 | HP: 2/135 [merfolk javelineer/silver javelin (4)]
 50716 | Shoals:3 | Reached skill level 10 in Armour
 51600 | Snake:4  | Entered Level 4 of the Snake Pit
 51607 | Snake:4  | Noticed Agnes
 51609 | Snake:4  | Noticed Vashnia
 51860 | Snake:4  | HP: 2/135 [shock serpent (13)]
 51860 | Snake:4  | Killed from afar by a shock serpent

Vault maps used:
D:1:      minmay_arrival_glassed_features
D:2:      corner_web_ring
D:3:      first_bread, uniq_natasha
D:4:      serial_shops, nicolae_shop_stone, cheibriados_altar_wand_db,
          uniq_pikel
D:5:      serial_shops, nicolae_shop_statue_plus, xom_teletrap_fun
D:6:      gammafunk_temple_overflow_wave
D:7:      serial_shops, shop, gup_ossuary_entry_pyramid, lightli_minifort
D:8:      basic_altar, uniq_maurice
D:9:      kennysheep_six_static_rooms, kennysheep_okawaru_gauntlet,
          grunt_lair_entry_orc_guard_hut, uniq_grum, uniq_gastronok
D:11:     orc_0_dummy, hangedman_ranch
D:12:     serial_shops, shop_fountains
D:13:     lightli_vaults_fourway_checkpoint
D:14:     serial_glass, glass_columns_a, glass_columns_b, basic_altar,
          serial_shops, nicolae_shop_statue_plus, uniq_azrael
D:15:     grunt_enter_depths_hoard, evilmike_surprise_oklob
Temple:   eino_narrow_crystal_temple
Lair:1:   lab_entry_generic, hangedman_lair_generics_rect
Lair:2:   basic_altar
Lair:3:   elwin_shoals_entry_rooms, beast_lair_carwin_1, serial_bayou_shore_b
Lair:4:   onia_ninara_swampy_vault, guppyfry_snake_entry_garden, minivault_25
Lair:5:   serial_bayou_pond_b, minmay_lair_oklob_bushes,
          bh_autumn_forest_stairs, grunt_megastairs_3
Lair:6:   hangedman_lair_tendril_chambers, guppyfry_lair_end_dragon,
          slime_altar_1, special_room, infiniplex_staircase_pool
Shoals:1: cheibrodos_shoals_oceanic_diplomacy, nicolae_shoals_c_island
Shoals:2: nicolae_shoals_mertower, uniq_polyphemus
Snake:1:  minmay_shop_grove
Snake:2:  spider_trap
Snake:3:  serial_shops, shop, hangedman_snake_corridor_cut
Snake:4:  grunt_snake_rune_pools, serial_shops, bzr_firewalk, shop_fountains,
          nicolae_shop_window_shopping, shop, nrook_guardian_serpent_double,
          uniq_vashnia, uniq_agnes
Orc:1:    guppyfry_library_mini
Orc:2:    grunt_orc_cross, basic_altar
Lab:      labyrinth_spiral, nicolae_lab_quarters, nicolae_lab_x,
          labyrinth_skeletal_remains, lab_block, lab_hedge,
          nicolae_lab_very_dead_end, labyrinth_glass_1,
          nicolae_lab_flowing_pool, labyrinth_glass_2, nicolae_lab_grate_2,
          nicolae_lab_checkerboard, nicolae_lab_starburst

Skill      XL: |  1  2  3  4  5  6  7  8  9 10 11 12 13 14 15 16 17 18 |
---------------+-------------------------------------------------------+-----
Conjurations   | 2 3 4 5 6 7 |  7.1
Spellcasting   | 4 5 7 10 11 | 11.2
Shields        | 5 |  5.1
Fighting       | 1 2 3 6 10 | 10.2
Charms         | 1 3 |  3.1
Air Magic      | 2 3 |  3.4
Fire Magic     | 2 |  2.0
Poison Magic   | 1 |  1.0
Translocations | 2 5 |  5.7
Armour         | 3 7 10 | 10.7
Dodging        | 3 7 8 |  8.1
Necromancy     | 2 10 12 14 | 14.8
Maces & Flails | 8 |  8.0
Ice Magic      | 5 8 9 |  9.7
Staves         | 8 13 | 13.6
Stealth        | |  1.7
Summonings     | |  1.0

Action                   |  1- 3 |  4- 6 |  7- 9 | 10-12 | 13-15 | 16-18 || total
-------------------------+-------+-------+-------+-------+-------+-------++-------
Melee: Unarmed           |     9 |       |       |       |       |       ||     9
       Club              |     6 |       |       |       |       |       ||     6
       Whip              |     2 |       |       |       |       |       ||     2
       Mace              |       |     2 |       |   445 |  1422 |   110 ||  1979
       Broad axe         |       |       |    61 |       |       |       ||    61
       Headbutt          |       |       |    12 |    98 |   348 |   248 ||   706
       Short sword       |       |       |    14 |    42 |       |       ||    56
       Lajatang          |       |       |       |       |       |   976 ||   976
Throw: Tomahawk          |       |     1 |     1 |       |       |       ||     2
 Cast: Magic Dart        |    96 |   119 |   454 |   269 |   124 |    46 ||  1108
       Repel Missiles    |       |     1 |     2 |     2 |     4 |     8 ||    17
       Mephitic Cloud    |       |     1 |     5 |     9 |     7 |       ||    22
       Conjure Flame     |       |       |    18 |    13 |     8 |       ||    39
       Blink             |       |       |       |     2 |     1 |       ||     3
       Vampiric Draining |       |       |       |    26 |   111 |   153 ||   290
       Bolt of Draining  |       |       |       |    34 |   126 |   192 ||   352
       Animate Dead      |       |       |       |    12 |     2 |       ||    14
       Dispel Undead     |       |       |       |       |    12 |     7 ||    19
       Simulacrum        |       |       |       |       |     1 |     3 ||     4
       Death Channel     |       |       |       |       |       |     3 ||     3
Invok: Receive Corpses   |       |       |       |       |     1 |     2 ||     3
       Brand Weapon With |       |       |       |       |       |     1 ||     1
 Abil: Evoke Flight      |       |       |       |       |       |     4 ||     4
Evoke: Wand              |       |     1 |       |     1 |     2 |     4 ||     8
  Use: Scroll            |       |     9 |    18 |    13 |    10 |    13 ||    63
       Potion            |       |     1 |       |     4 |     3 |     9 ||    17
 Stab: Sleeping          |       |       |       |     4 |     4 |     5 ||    13
       Confused          |       |       |       |     1 |       |       ||     1
       Distracted        |       |       |       |       |     2 |     2 ||     4
       Petrified         |       |       |       |       |     9 |       ||     9
       Invisible         |       |       |       |       |       |     2 ||     2
  Eat: Chunk             |     3 |     3 |    18 |    22 |    47 |    31 ||   124
       Meat ration       |       |     1 |     1 |     2 |       |     4 ||     8
       Pizza             |       |       |       |     1 |     1 |       ||     2
       Beef jerky        |       |       |       |     1 |       |       ||     1
       Bread ration      |       |       |       |       |     3 |     4 ||     7
       Royal jelly       |       |       |       |       |     1 |       ||     1
Armor: Robe              |     5 |     8 |     1 |       |       |       ||    14
       Leather armour    |       |       |    32 |   205 |   444 |   314 ||   995
Dodge: Dodged            |    16 |    16 |    46 |   276 |   962 |   710 ||  2026
       Deflected         |       |       |     3 |     2 |    23 |    44 ||    72
Block: Other             |       |     6 |     2 |       |       |   198 ||   206
       Buckler           |       |       |    84 |   382 |  1043 |    50 ||  1559
       Reflection        |       |       |    15 |     7 |    35 |    47 ||   104
